 Dungeon Crawl Stone Soup version 0.17-a0-1508-ge7f3dc3 (webtiles) character file.

949 mrath the Ducker (level 7, -8/67 HPs)
             Began as a Troll Artificer on July 10, 2015.
             Mangled by an orc warrior
             ... wielding a +0 hand axe
              (13 damage)
             ... on level 6 of the Dungeon.
             The game lasted 01:01:40 (5226 turns).

mrath the Ducker (Troll Artificer)                  Turns: 5226, Time: 01:01:41

Health: -8/67      AC:  7    Str: 20    XL:     7   Next: 89%
Magic:  7/7        EV: 11    Int:  8    God:
Gold:   268        SH:  0    Dex: 12    Spells: 0 memorised, 6 levels left

rFire  + . .     SeeInvis .       - Unarmed
rCold  . . .     Clarity  .     w - +2 robe {rN+}
rNeg   + . .     SustAt   +     (no shield)
rPois  .         Gourm    +     (helmet restricted)
rElec  .         Spirit   .     (no cloak)
rCorr  .         Warding  .     (gloves unavailable)
rMut   .         Stasis   .     (boots unavailable)
MR     .....                    (no amulet)
Stlth  +.........               p - ring of sustain attributes
                                o - ring of protection from fire

@: not resistant to hostile enchantments, very unstealthy
A: unfitting armour, claws 3, fast metabolism 3, gourmand, regeneration 2,
shaggy fur 1, tough skin 2
a: no special abilities


You were on level 6 of the Dungeon.
You were hungry.

You visited 1 branch of the dungeon, and saw 6 of its levels.

You collected 268 gold pieces.

Inventory:

Hand weapons
 y - a +1 shortbow
 A - a +0 giant club
Missiles
 l - 151 stones (quivered)
 q - 58 sling bullets
 s - 40 bolts
 t - 2 steel tomahawks
 u - 51 arrows
 C - 17 bolts of flame
Armour
 b - a +0 robe
 w - a +2 robe of positive energy (worn)
Jewellery
 o - a ring of protection from fire (left claw)
 p - a ring of sustain attributes (right claw)
Magical devices
 c - a wand of flame (40)
 d - a wand of enslavement (12)
 e - a wand of random effects (15)
 g - a wand of draining (8)
 z - a wand of lightning (2)
 F - a wand of frost (20)
Scrolls
 h - 3 scrolls of identify
 k - 2 scrolls of magic mapping
 r - 2 scrolls of remove curse
Potions
 a - a potion of flight {unknown}
 m - a potion of haste {unknown}
 n - 2 potions of heal wounds
 v - a potion of brilliance {unknown}
 x - a potion of curing {unknown}
 E - a potion of might {unknown}
Comestibles
 f - 2 bread rations
 i - 10 chunks of flesh
 j - 7 fruits
 B - a royal jelly
 D - a meat ration


   Skills:
 + Level 3.0 Fighting
   Level 0.8 Short Blades
 + Level 3.1 Throwing
 + Level 4.3 Dodging
 + Level 1.5 Stealth
 + Level 4.1 Unarmed Combat
 + Level 2.5 Evocations


You had 6 spell levels left.
You didn't know any spells.

Dungeon Overview and Level Annotations

Branches:
Dungeon (6/15)
 Temple: D:4-7

Altars:
Dithmenos
Elyvilon
Fedhas
Okawaru
Vehumet
Yredelemnul


Innate Abilities, Weirdness & Mutations

You are too large for most types of armour.
You have claws for hands.
Your metabolism is lightning-fast.
You like to eat raw meat.
You heal very quickly.
You are covered in fur (AC +1).
You have very tough skin (AC +2).


Message History

Aim: a crimson imp (heavily wounded)
The bolt of negative energy hits the crimson imp.
The crimson imp completely resists.
The crimson imp is heavily wounded.
This wand has 9 charges left.
The crimson imp disappears for a moment.
The crimson imp hits you.
* * * LOW HITPOINT WARNING * * *
The orc warrior closely misses you.
Evoke which item? (* to show all) (? for menu, Esc to quit)
Zapping:
g - a wand of draining (9)
Press: ? - help, Shift-Dir - straight line, f/p - crimson imp
Aim: a crimson imp (heavily wounded)
The bolt of negative energy hits the crimson imp.
The crimson imp completely resists.
The crimson imp is heavily wounded.
This wand has 8 charges left.
The crimson imp hits you.
* * * LOW HITPOINT WARNING * * *
The orc warrior hits you with a hand axe!
You die...

#...... #...... #
#...... .. #...... ...
####### ... #### ..
##... ########o#####
#.... #>...5@oo)....
+.... #.##############
#....
#.#########....####)..#
#.........'....'.......
###########....####...#
###### #...# #...#
#...# #....


You could see an orc warrior, a crimson imp and 2 orcs.

Vanquished Creatures
  Sigmund (D:3)
  A phantom (D:5)
  A sky beast (D:4)
  A centaur (D:5)
  An ogre (D:6)
  2 crimson imps (D:5)
  A giant frog zombie (D:5)
  A giant frog skeleton (D:4)
  3 worker ants
  A hound zombie (D:6)
  7 adders
  2 river rats (D:4)
  An ooze (D:3)
  An adder skeleton (D:5)
  2 worms
  2 giant geckos
  7 orcs
  A bat skeleton (D:4)
  A bat zombie (D:5)
  13 goblins
  12 hobgoblins
  6 jackals
  A quokka (D:5)
  5 ball pythons
  12 bats
  8 giant cockroaches
  6 giant newts
  12 kobolds
  9 rats
121 creatures vanquished.

Vanquished Creatures (others)
  An orc (D:6)
1 creature vanquished.

Grand Total: 122 creatures vanquished

Notes
Turn   | Place    | Note
--------------------------------------------------------------
     0 | D:1      | mrath the Troll Artificer began the quest for the Orb.
     0 | D:1      | Reached XP level 1. HP: 18/18 MP: 1/1
   133 | D:1      | Reached XP level 2. HP: 26/26 MP: 2/2
   346 | D:1      | Reached skill level 1 in Fighting
   598 | D:1      | Reached XP level 3. HP: 33/33 MP: 3/3
  1072 | D:2      | Reached skill level 1 in Unarmed Combat
  1261 | D:2      | Reached XP level 4. HP: 41/41 MP: 4/4
  1922 | D:3      | Noticed Sigmund
  2186 | D:3      | Found an iron altar of Okawaru.
  2522 | D:3      | Found a shadowy altar of Dithmenos.
  2582 | D:3      | Reached skill level 1 in Throwing
  2823 | D:3      | Reached XP level 5. HP: 33/48 MP: 5/5
  2915 | D:3      | Killed Sigmund
  2915 | D:3      | Reached skill level 3 in Dodging
  2915 | D:3      | Reached skill level 1 in Stealth
  2915 | D:3      | Reached XP level 6. HP: 45/57 MP: 6/6
  3180 | D:4      | Found a white marble altar of Elyvilon.
  3336 | D:4      | Found a glowing drain.
  3466 | D:4      | Found a basalt altar of Yredelemnul.
  3633 | D:4      | Found a radiant altar of Vehumet.
  4003 | D:5      | Entered Level 5 of the Dungeon
  4003 | D:5      | Found a blossoming altar of Fedhas.
  4048 | D:5      | Reached XP level 7. HP: 65/65 MP: 7/7
  4577 | D:5      | Reached skill level 4 in Dodging
  5226 | D:6      | Mangled by an orc warrior

Vault maps used:
D:1:      dpeg_arrival_shelter, minivault_14, st_stairs_14, minivault_11
D:3:      nicolae_dithmenos_shadow_blocks, lemuel_crystal_altar, first_bread,
          uniq_sigmund
D:4:      vehumet_crystals, yredelemnul_altar_generic,
          nicolae_overflow_crystal_walls, portal_sewer_entry_e
D:5:      lemuel_crystal_altar

Action                   |  1- 3 |  4- 6 |  7- 9 || total
-------------------------+-------+-------+-------++-------
Melee: Unarmed           |   123 |   204 |   112 ||   439
Throw: Stone             |    38 |    97 |    33 ||   168
Evoke: Wand              |       |     4 |     9 ||    13
  Use: Scroll            |     3 |     7 |     7 ||    17
       Potion            |       |       |     1 ||     1
 Stab: Sleeping          |     1 |     2 |     1 ||     4
  Eat: Chunk             |     6 |    15 |     9 ||    30
       Beef jerky        |     1 |     1 |       ||     2
       Pizza             |     1 |       |     1 ||     2
       Bread ration      |       |     2 |       ||     2
